 Dungeon Crawl Stone Soup version 0.30-a0-737-gf23d94013f (webtiles) character file.

Game seed: 719848188536751313

658 mopl the Sneak (level 7, -1/35 HPs)
             Began as a Vine Stalker Brigand on Feb 2, 2023.
             Was an Initiate of Gozag.
             Splashed by a jelly's acid (2 damage)
             ... on level 5 of the Dungeon.
             The game lasted 00:05:49 (3197 turns).

mopl the Sneak (Vine Stalker Brigand)               Turns: 3197, Time: 00:05:50

Health: -1/35      AC:  4    Str: 14    XL:     7   Next: 55%
Magic:  0/8        EV: 12    Int: 11    God:    Gozag
Gold:   250        SH:  0    Dex: 17    Spells: 6/6 levels left

rFire   . . .      SeeInvis .    a - +2 dagger
rCold   . . .      Faith    .    (no shield)
rNeg    . . .      Spirit   +    b - +0 robe
rPois   .          Reflect  .    (no helmet)
rElec   .          Harm     .    c - +0 cloak
rCorr   .          Rampage  .    (no gloves)
Will    .....                    i - +0 pair of boots
Stlth   ++++                     (no amulet)
HPRegen 1.05/turn                (no ring)
MPRegen 0.11/turn                (no ring)

@: gold aura
A: fangs 2, regeneration 1, magic shield, antimagic bite, no potion heal 2
a: Renounce Religion, Potion Petition, Call Merchant, Bribe Branch


You were on level 5 of the Dungeon.
You worshipped Gozag.
Gozag was aware of your devotion.
You visited 2 branches of the dungeon, and saw 6 of its levels.
You also visited: Ossuary.

You collected 380 gold pieces.
You paid 130 gold pieces to Gozag.

Inventory:

Hand Weapons
 a - a +2 dagger (weapon)
Missiles
 d - 18 poisoned darts (quivered)
 e - a curare-tipped dart
 o - a boomerang
 s - 3 javelins
Armour
 b - a +0 robe (worn)
 c - a +0 cloak (worn)
 i - a +0 pair of boots (worn)
Wands
 y - a wand of roots (12)
Scrolls
 f - 6 scrolls of teleportation
 g - 2 scrolls of identify {unknown}
 h - 2 scrolls of enchant armour {unknown}
 j - 3 scrolls of blinking
 n - 2 scrolls of brand weapon {unknown}
 r - a scroll of fog {unknown}
 u - 2 scrolls of enchant weapon {unknown}
 v - 2 scrolls of amnesia {unknown}
 w - 2 scrolls of fear {unknown}
 z - a scroll of poison {unknown}
 A - a scroll of magic mapping {unknown}
Potions
 k - 4 potions of curing
 l - 2 potions of berserk rage {unknown}
 m - 3 potions of haste {unknown}
 p - 3 potions of brilliance {unknown}
 q - 2 potions of invisibility {unknown}
 t - 2 potions of attraction {unknown}
 x - a potion of might {unknown}


   Skills:
 + Level 2.1 Fighting
 * Level 5.1 Short Blades
 + Level 3.7 Throwing
 + Level 1.3 Dodging
 + Level 6.9 Stealth
 + Level 1.0 Evocations


You had 6 spell levels left.
You didn't know any spells.
Your spell library was empty.

Dungeon Overview and Level Annotations

Branches:
Dungeon (5/15)             Temple (1/1) D:5         Ossuary (visited)

Altars:
Cheibriados
Gozag
Kikubaaqudgha
Okawaru
Sif Muna
Trog
Xom
Yredelemnul

Shops:
D:4 [


Innate Abilities, Weirdness & Mutations

You have extremely sharp teeth.
Your natural rate of healing is unusually fast.
When hurt, damage is shared between your health and your magic reserves.
Your bite disrupts and absorbs the magic of your enemies.
Potions cannot restore your health.


Message History

You feel as though you will be slow longer.
The hornet attacks as you move away! The hornet stings you.
You are more poisoned.
You suddenly lose the ability to move!
You feel extremely sick.
You can move again.
The hornet attacks as you move away! The hornet stings you!
* * * LOW HITPOINT WARNING * * *
You feel as though you will be slow longer.
* * * LOW HITPOINT WARNING * * *
You feel very sick. The hornet barely misses you.
* * * LOW HITPOINT WARNING * * *
You feel very sick.
It was a potion of curing.
Your system rejects the healing.
You feel better. The hornet closely misses you. The hornet stings you!
* * * LOW HITPOINT WARNING * * *
You feel as though you will be slow longer.
The hornet is no longer moving slowly.
You kill the hornet!
Your Fighting skill increases to level 2!
Your Short Blades skill increases to level 5!
Your Dodging skill increases to level 1!
Your Evocations skill increases to level 1!
Aiming: Fastroot
Press: ? - help, Shift-Dir - straight line, f - you The roots erupt in riotous growth!
The jelly is unaffected.
The jelly barely misses you. The jelly closely misses you.
You feel yourself speed up.
You hit the jelly.
Your hands burn!
* * * LOW HITPOINT WARNING * * *
You bite the jelly. You drain its power.
You feel invigorated.
The jelly is moderately wounded.
The jelly hits you.
* * * LOW HITPOINT WARNING * * *
You are splashed with acid!
* * * LOW HITPOINT WARNING * * *
You hit the jelly.
Your hands burn!
You die...
Your body crumbles into a pile of gold.

#.....#...........#
#8.>.8#...#####.#..
#.....#...# ##.8.#....#
#..#.....# #.....##.#
#.....##.# #######
#.....##.#
##.....###.@J...$.####
#..###.........##....##
#.########.....##..#..#
#........####..###..#....
######......####....# ...
#.####...##....(.J...#
#.. ###..##..........
#..# ##..#.......... ##.#
##)##........#


You could see a jelly.

Vanquished Creatures
  A hornet (D:5)
  An elf zombie (Ossuary)
  A howler monkey (D:4)
  A hound (D:5)
  An orc priest (D:3)
  2 human zombies (Ossuary)
  Terence (D:3)
  Ijyb (D:3)
  A hound zombie (Ossuary)
  4 mummies (Ossuary)
  3 gnolls (D:3)
  An adder (D:5)
  A white imp (D:5)
  2 worms
  2 dart slugs
  4 orcs
  3 endoplasms
  8 giant cockroaches
  A gnoll zombie (Ossuary)
  4 hobgoblins
  2 jackals (D:2)
  2 quokkas
  6 ball pythons
  4 bats
  3 frilled lizards
  6 goblins
  A goblin zombie (Ossuary)
  A hobgoblin zombie (Ossuary)
  A jackal zombie (Ossuary)
  7 kobolds
  A kobold zombie (Ossuary)
  5 rats
  3 rat zombies (Ossuary)
85 creatures vanquished.

Notes
Turn   | Place    | Note
-------+----------+-------------------------------------------
     0 | D:1      | mopl the Vine Stalker Brigand began the quest for the Orb.
     0 | D:1      | Reached XP level 1. HP: 11/11 MP: 2/2
    46 | D:1      | Reached skill level 2 in Short Blades
    69 | D:1      | Reached skill level 5 in Stealth
    69 | D:1      | Reached XP level 2. HP: 15/15 MP: 3/3
   125 | D:1      | Reached skill level 2 in Throwing
   261 | D:1      | Found a faded altar of an unknown god.
   834 | D:2      | Reached XP level 3. HP: 18/18 MP: 4/4
  1249 | D:3      | Reached skill level 3 in Short Blades
  1249 | D:3      | Gained mutation: Your natural rate of healing is unusually
                  | fast. [Vine Stalker growth]
  1249 | D:3      | Reached XP level 4. HP: 4/23 MP: 5/5
  1559 | D:3      | Noticed Ijyb
  1593 | D:3      | Killed Ijyb
  1594 | D:3      | Reached XP level 5. HP: 20/26 MP: 4/6
  1606 | D:3      | Noticed Terence
  1661 | D:3      | Killed Terence
  2032 | D:4      | Found Egeatuil's Armour Boutique.
  2089 | D:4      | Found a sand-covered staircase.
  2094 | Ossuary  | Entered an ossuary
  2147 | Ossuary  | Reached skill level 4 in Short Blades
  2147 | Ossuary  | Reached skill level 3 in Throwing
  2147 | Ossuary  | Reached skill level 6 in Stealth
  2170 | Ossuary  | Reached XP level 6. HP: 30/30 MP: 5/7
  2725 | D:4      | Identified the +0 chain mail of Viq Alai {rF++ Will++
                  | Dex-5}
  3037 | D:5      | Entered Level 5 of the Dungeon
  3109 | D:5      | Found a staircase to the Ecumenical Temple.
  3133 | D:5      | Reached XP level 7. HP: 34/34 MP: 8/8
  3155 | Temple   | Entered the Ecumenical Temple
  3161 | Temple   | Became a worshipper of Gozag Ym Sagoz the Greedy
  3180 | D:5      | Noticed a hornet
  3187 | D:5      | Paralysed by a hornet for 1 turns
  3191 | D:5      | Killed a hornet
  3192 | D:5      | Reached skill level 2 in Fighting
  3192 | D:5      | Reached skill level 5 in Short Blades
  3192 | D:5      | Reached skill level 1 in Dodging
  3192 | D:5      | Reached skill level 1 in Evocations
  3196 | D:5      | HP: 1/35 [acid (6)]
  3197 | D:5      | Splashed by a jelly's acid

Illustrated notes

Levels and vault maps discovered:
D:1:      saegor_arrival_miasma, layout_basic, ebering_ecumenical_altar_mist,
          amcnicky_mini_rare_corridor_liquid, minmay_bisected
D:2:      layout_rooms, kennysheep_generic_room_12
D:3:      layout_loops_cross, chequers_serial_rivers_small_b,
          minmay_misc_feat_iff, uniq_terence, uniq_ijyb
D:4:      nicolae_cairo_tiling, layout_basic, nicolae_ossuary_entry_plus,
          serial_shops, nicolae_shop_stone, glass_columns_a
D:5:      minmay_evil_eye, layout_rooms, minmay_temple_entry_statues_pillars
Temple:   eino_narrow_crystal_temple

Skill      XL: |  1  2  3  4  5  6  7 |
---------------+----------------------+-----
Short Blades   | 2 3 4 5 |  5.1
Stealth        | 5 6 |  6.9
Throwing       | 2 3 |  3.7
Fighting       | 2 |  2.1
Dodging        | 1 |  1.3
Evocations     | 1 |  1.0

Action                     |  1- 3 |  4- 6 |  7- 9 || total
---------------------------+-------+-------+-------++-------
  Melee: Dagger            |   103 |   247 |    16 ||   366
         Bite              |    29 |    80 |     2 ||   111
         Punch             |     2 |     3 |       ||     5
  Throw: Dart              |       |    10 |     2 ||    12
  Evoke: Wand              |       |     2 |     1 ||     3
    Use: Scroll            |       |     2 |       ||     2
         Potion            |       |       |     1 ||     1
   Stab: Sleeping          |    11 |    12 |       ||    23
 Armour: Robe              |    27 |    63 |     2 ||    92
  Dodge: Dodged            |    59 |   112 |    14 ||   185

Table legend: (Time is in decaauts)
 A = Elapsed time spent in this place.
 B = Non-inter-level travel time spent in this place.
 C = Inter-level travel time spent in this place.
 D = Time resting spent in this place.
 E = Time spent auto-exploring this place.
 F = Levels seen in this place.
 G = Mean time per level.
                   A        B        C        D        E       F      G
               +--------+--------+--------+--------+--------+-----+--------+
         Total |   3135 |   3025 |    110 |     18 |   2134 |   7 |  447.9 |
       Dungeon |   2846 |   2743 |    103 |     18 |   2046 |   5 |  569.2 |
        Temple |     12 |      6 |      6 |      0 |      0 |   1 |   12.0 |
       Ossuary |    276 |    276 |      0 |      0 |     88 |   1 |  276.0 |
               +--------+--------+--------+--------+--------+-----+--------+

Top non-repeatable levels by time:
     D:3: 804 daAuts
     D:4: 711 daAuts
     D:1: 706 daAuts
     D:2: 479 daAuts
 Ossuary: 276 daAuts
     D:5: 145 daAuts
  Temple: 12 daAuts
